 Dungeon Crawl Stone Soup version 0.31-a0-1540-g5a0b83f448 (webtiles) character file.

Game seed: 11987307143514462907

104113 grandjackal the Warrior (level 15, -1/144 HPs)
             Began as a White Draconian Conjurer on Jan 2, 2024.
             Was a High Priest of Vehumet.
             Slain by a culicivora (27 damage)
             ... on level 2 of the Spider Nest.
             The game lasted 00:59:27 (35882 turns).

grandjackal the Warrior (White Draconian Conjurer) Turns: 35882, Time: 00:59:27

Health: -1/144     AC: 22    Str: 12    XL:     15   Next: 91%
Magic:  12/27      EV: 14    Int: 27    God:    Vehumet [*****.]
Gold:   29         SH:  8    Dex: 13    Spells: 5/30 levels left

rFire   + . .        L - staff of cold
rCold   + + .        G - +3 warlock's mirror {omnireflect}
rNeg    . . .        (body armour unavailable)
rPois   +            Q - +2 hat {SInv}
rElec   .            R - +2 cloak "Neyk" {*Corrode rF+ Str+2 Int+5}
rCorr   .            K - +0 pair of gloves
SInv    +            A - +2 pair of boots
Will    +....        g - amulet of the acrobat
Stlth   ++           b - +4 ring of protection
HPRegen 0.44/turn    z - ring of poison resistance
MPRegen 0.20/turn

%: corrode self (3%), reflection, acrobat
@: no status effects
A: breathe frost, AC +9, unfitting armour, cold resistance 1, cold-blooded
a: Breathe Frost, Renounce Religion


You were on level 2 of the Spider Nest.
You worshipped Vehumet.
Vehumet was extremely pleased with you.
You visited 5 branches of the dungeon, and saw 25 of its levels.
You also visited: Bailey.

You collected 2346 gold pieces.
You spent 2317 gold pieces at shops.

Inventory:

Missiles
 P - 9 throwing nets (quivered)
Armour
 A - a +2 pair of boots (worn)
 G - the +3 warlock's mirror (worn) {omnireflect}
   (You bought it in a shop on level 13 of the Dungeon)

   Omnireflect: It can block and reflect piercing ranged attacks and magical
   attacks against the wielder's willpower.
 K - a +0 pair of gloves (worn)
 Q - a +2 hat of see invisible (worn)
 R - the +2 cloak "Neyk" (worn) {*Corrode rF+ Str+2 Int+5}
   (You found it in a bailey)

   Str+2:     It affects your strength (+2).
   Int+5:     It affects your intelligence (+5).
   rF+:       It protects you from fire.
   *Corrode:  It may corrode you when you take damage.
Magical Staves
 L - a staff of cold (weapon)
Jewellery
 b - a +4 ring of protection (left hand)
 g - an amulet of the acrobat (around neck)
 l - a ring of willpower
 u - a ring of protection from fire
 z - a ring of poison resistance (right hand)
 M - a ring of protection from fire
 Y - a ring of resist corrosion
Wands
 y - a wand of flame (19)
 D - a wand of polymorph (16)
 E - a wand of digging (6)
 F - a wand of paralysis (20)
 J - a wand of roots (6)
Scrolls
 j - 2 scrolls of poison
 n - 2 scrolls of silence
 q - 2 scrolls of fog
 s - 2 scrolls of vulnerability
 v - a scroll of blinking
 w - 3 scrolls of teleportation
 B - a scroll of revelation
 N - a scroll of identify
 O - a scroll of amnesia
 X - 2 scrolls of immolation
Potions
 a - 6 potions of magic
 c - 6 potions of curing
 f - a potion of resistance
 h - a potion of enlightenment
 i - 4 potions of invisibility
 k - 7 potions of mutation
 m - 5 potions of heal wounds
 p - 2 potions of berserk rage
 r - 2 potions of brilliance
 t - 2 potions of attraction
 x - 4 potions of cancellation
 C - a potion of ambrosia
 I - 5 potions of haste
 V - 4 potions of might
Miscellaneous
 d - a phial of floods
 o - a tin of tremorstones (2/2)
 S - a sack of spiders (inert)


   Skills:
 - Level 16.1 Fighting
 - Level 10.0 Staves
 - Level 7.6 Dodging
 - Level 1.7 Stealth
 - Level 4.1 Shields
 + Level 8.1 Spellcasting
 - Level 10.1 Conjurations
 + Level 6.5 Summonings
 + Level 10.4 Ice Magic
 - Level 9.7 Air Magic
 - Level 10.0 Evocations


You had 5 spell levels left.
You knew the following spells:

 Your Spells              Type           Power      Damage    Failure   Level
a - Static Discharge      Conj/Air       100%       3-8/arc   1%          2
b - Searing Ray           Conj           100%       2d8       1%          2
c - Freeze                Ice            100%       1d10      1%          1
d - Airstrike             Air            29%        2d(5-21)  1%          4
e - Summon Lightning Spi  Summ/Air       53%        N/A       2%          4
f - Iskenderun's Battles  Conj           60%        2d11      1%          5
g - Ozocubu's Refrigerat  Ice            39%        4d16      21%         7

Your spell library contained the following spells:

 Spells                   Type           Power      Damage    Failure   Level
 Kiss of Death            Conj/Necr      100%       2d13      1%          1
 Magic Dart               Conj           100%       1d8       1%          1
 Sting                    Conj/Alch      100%       1d9       1%          1
 Mercury Vapours          Alch/Air       74%        N/A       1%          2
 Stone Arrow              Conj/Erth      76%        3d11      1%          3
 Fulminant Prism          Conj/Alch      19%        3d11      2%          4
 Iskenderun's Mystic Bla  Conj/Tloc      38%        2d9       2%          4
 Fireball                 Conj/Fire      19%        3d9       7%          5
 Irradiate                Conj/Alch      19%        3d18      7%          5
 Sublimation of Blood     Necr           11%        N/A       11%         2
 Olgreb's Toxic Radiance  Alch           11%        N/A       17%         4
 Confusing Touch          Hex            11%        N/A       22%         3
 Tukima's Dance           Hex            11%        N/A       22%         3
 Cause Fear               Hex            5%         N/A       56%         4
 Dimensional Bullseye     Hex/Tloc       5%         N/A       56%         4
 Dispel Undead            Necr           11%        3d9       56%         4
 Petrify                  Alch/Erth      11%        N/A       56%         4
 Summon Cactus Giant      Summ           23%        N/A       58%         6
 Lehudib's Crystal Spear  Conj/Erth      19%        10d6      100%        8
 Dragon's Call            Summ           23%        N/A       100%        9
 Animate Armour           Summ/Erth      Unusable   N/A       N/A         4

Dungeon Overview and Level Annotations

Branches:
Dungeon (15/15)            Temple (1/1) D:6            Lair (5/5) D:9
  Swamp (0/4) Lair:2       Spider (2/4) Lair:2        Slime (0/5) Lair:4
    Orc (2/2) D:9             Elf (0/3) Orc:2        Vaults (0/5) D:14
 Depths (0/4) D:15         Bailey (visited)

Altars:
Ashenzari
Cheibriados
Dithmenos
Elyvilon
Fedhas
Gozag
Hepliaklqana
Kikubaaqudgha
Makhleb
Nemelex Xobeh
Okawaru
Qazlal
Ru
Sif Muna
Trog
Uskayaw
Vehumet
Wu Jian
Xom
Yredelemnul
Zin
The Shining One
Jiyva
Lugonu

Shops:
D:4 ([?*   D:6 :   D:13 [   Orc:2 !((**

Portals:
Abyss: Lair:5

Annotations:
D:8 Maggie
D:12 2 transporters, Tollund's ghost, journeyman MiFi
Spider:1 1 transporter


Innate Abilities, Weirdness & Mutations

You can breathe waves of freezing cold which knock back foes.
Your icy white scales are hard. (AC +9)
You cannot fit into any form of body armour.
Your flesh is cold resistant. (rC+)
You are cold-blooded and may be slowed by cold attacks.


Message History

You feel a surge of power!
The heat is drained from your surroundings.
The radroach is lightly wounded.
The tarantella is almost dead.
The culicivora is almost dead.
The culicivora is moderately wounded.
The culicivora barely misses you. The culicivora closely misses you.
You block the culicivora's attack.
The culicivora bites you but does no damage.
A sun moth comes into view.
The radroach bites you!
* * * LOW HITPOINT WARNING * * *
The radroach misses you.
Unknown command.
Unknown command.
Unknown command.
Casting: Ozocubu's Refrigeration (dangerous; 21% risk of failure)
Confirm with . or Enter, or press ? or * to list all spells.
You feel a surge of power!
The heat is drained from your surroundings.
The sun moth is moderately wounded.
The radroach is moderately wounded.
You kill the tarantella!
Vehumet accepts your kill.
You feel your power returning.
You kill the culicivora!
Vehumet accepts your kill.
You feel your power returning.
The culicivora is heavily wounded.
The culicivora closely misses you.
A redback comes into view.
The culicivora completely misses you.
A broodmother comes into view.
You block the radroach's attack. x2
Unknown command.
Unknown command.
The broodmother's many legs skitter.
You hit the culicivora but do no damage.
You freeze the culicivora.
The culicivora is heavily wounded.
You block the culicivora's attack. The culicivora bites you!!
You die...

###.....ss..
#......y^...
#......#†...
.......^...
........ .
..... ...
#B†#.....
#@s^.....
###..#..^ ##


You could see a broodmother, a radroach, a sun moth, a culicivora (berserk) and
a redback.

Vanquished Creatures
  Jorgrun (Spider:1)
  Gastronok (Lair:2)
  Snorg (Orc:1)
  10 hydras
  Fannar (Orc:2)
  4 vault guards
  Erolcha (Orc:1)
  4 centaur warriors
  4 boulder beetles
  5 two-headed ogres
  2 orc high priests
  2 thrashing horrors (Lair:5)
  8 death yaks
  2 skysharks
  A glowing orange brain (D:15)
  2 spriggan druids (Lair:2)
  2 deep elf pyromancers (D:14)
  A shock serpent (shapeshifter) (D:15)
  4 orc knights
  A deep elf zephyrmancer (D:14)
  14 ugly things
  2 wolf spiders (Lair:5)
  Maurice (D:7)
  2 manticores (D:14)
  5 cyclopes
  4 orc sorcerers
  4 kobold blastminers (Orc:2)
  A meliai (Lair:2)
  3 black mambas
  7 elephants (Lair:5)
  3 smoke demons (Lair:5)
  2 gargoyles
  2 large abominations (Lair:5)
  9 cane toads
  An unseen horror (D:11)
  7 yaktaurs (D:15)
  A kobold demonologist (D:13)
  2 efreet (D:15)
  6 komodo dragons
  8 rime drakes
  4 polar bears
  A tarantella (Spider:2)
  5 trolls
  A hornet (D:10)
  11 blink frogs (Lair:5)
  A raiju (Lair:5)
  25 slime creatures
  2 culicivoras (Spider:2)
  A centaur simulacrum (D:14)
  A spriggan (Lair:5)
  A vampire (D:12)
  4 wyverns
  2 ynoxinuls (Lair:5)
  A spriggan (shapeshifter) (D:13)
  A water elemental (D:12)
  8 small abominations (Lair:5)
  A shadow (D:10)
  8 wraiths
  4 basilisks
  68 yaks
  11 steam dragons
  2 wargs
  2 redbacks (Spider:2)
  5 vampire mosquitoes
  A chaos spawn (Lair:5)
  4 acid dragons
  11 water moccasins
  19 orc warriors
  A sky beast (D:5)
  A sky beast (shapeshifter) (D:14)
  2 black bears (D:6)
  4 ice beasts (D:9)
  6 ogres
  24 wolves
  6 centaurs
  3 phantoms
  A kobold brigand (D:6)
  8 bullfrogs
  10 gnoll sergeants
  2 scorpions
  12 wights
  4 killer bees (Lair:2)
  4 electric eels
  A howler monkey (D:5)
  A centaur zombie (D:5)
  3 lava snakes (D:7)
  A bullfrog zombie (D:5)
  4 hounds
  23 orc priests
  3 bombardier beetles
  6 gnoll boudas
  A bullfrog skeleton (D:5)
  14 jellies
  A sleepcap (D:6)
  3 iguanas
  Terence (D:2)
  22 orc wizards
  A scorpion zombie (D:5)
  A hound zombie (D:5)
  A howler monkey zombie (D:5)
  29 gnolls
  9 adders
  3 shadow imps
  2 white imps (D:6)
  4 dart slugs
  A ribbon worm (D:2)
  77 orcs
  5 ball pythons
  12 endoplasms
  8 giant cockroaches
  16 goblins
  8 hobgoblins
  8 jackals (D:1)
  9 kobolds
  A quokka (D:1)
  5 bats
  6 frilled lizards
  6 rats
730 creatures vanquished.

Vanquished Creatures (collateral kills)
  A death yak (Lair:1)
  2 orc high priests (Orc:2)
  3 ugly things (D:15)
  A cyclops (D:15)
  2 elephants (Lair:5)
  A cane toad (Lair:3)
  2 rime drakes (Lair:3)
  A komodo dragon (Lair:3)
  A blink frog (Lair:5)
  A slime creature (D:15)
  3 steam dragons (Lair:3)
  2 water moccasins (Lair:5)
  5 orcs (Orc:1)
25 creatures vanquished.

Vanquished Creatures (others)
  2 ghouls (D:1)
  2 demonspawn (D:1)
  A draconian (D:1)
  A gargoyle (D:1)
  A vine stalker (D:1)
  2 rime drakes (Lair:3)
  A vampire (D:1)
  2 spriggans (D:1)
  A demigod (D:1)
  An ogre (D:1)
  A dwarf (D:1)
  2 gnolls (D:1)
  A butterfly (Lair:3)
  7 tentacles (D:1)
25 creatures vanquished.

Grand Total: 780 creatures vanquished

Notes
Turn   | Place    | Note
-------+----------+-------------------------------------------
     0 | D:1      | grandjackal the Draconian Conjurer began the quest for the
                  | Orb.
     0 | D:1      | Reached XP level 1. HP: 14/14 MP: 3/3
     3 | D:1      | Noticed a demigod
     3 | D:1      | Noticed a vine stalker
     3 | D:1      | Noticed a spriggan
     3 | D:1      | Noticed a ghoul
     3 | D:1      | Noticed a draconian
     3 | D:1      | Noticed an ogre
     3 | D:1      | Noticed a kraken
     3 | D:1      | Noticed a demonspawn
     3 | D:1      | Noticed a gargoyle
     3 | D:1      | Noticed a vampire
     3 | D:1      | Noticed a dwarf
     3 | D:1      | Noticed a demonspawn
     3 | D:1      | Noticed a ghoul
     3 | D:1      | Noticed a spriggan
     3 | D:1      | Killed a vine stalker
     7 | D:1      | Killed a spriggan
     8 | D:1      | Killed a gargoyle
     9 | D:1      | Killed an ogre
    10 | D:1      | Killed a dwarf
    10 | D:1      | Killed a demigod
    14 | D:1      | Killed a draconian
    14 | D:1      | Killed a demonspawn
    18 | D:1      | Killed a spriggan
    20 | D:1      | Killed a ghoul
    21 | D:1      | Killed a demonspawn
    21 | D:1      | Killed a vampire
    24 | D:1      | Killed a ghoul
   171 | D:1      | Reached XP level 2. HP: 22/22 MP: 0/5
   184 | D:1      | Reached skill level 1 in Fighting
   393 | D:1      | Reached XP level 3. HP: 26/28 MP: 6/6
   518 | D:1      | Learned a level 2 spell: Searing Ray
   702 | D:2      | Reached skill level 2 in Fighting
   823 | D:2      | Found an ancient bone altar of Kikubaaqudgha.
   963 | D:2      | Reached XP level 4. HP: 33/36 MP: 7/7
  1246 | D:2      | Noticed Terence
  1317 | D:2      | Killed Terence
  1318 | D:2      | Reached XP level 5. HP: 41/44 MP: 3/8
  1463 | D:3      | Reached skill level 3 in Fighting
  1463 | D:3      | Reached skill level 5 in Conjurations
  2226 | D:3      | Reached XP level 6. HP: 52/52 MP: 5/9
  2356 | D:4      | Reached skill level 4 in Fighting
  2485 | D:4      | Found Coetwing's Magic Scroll Boutique.
  2505 | D:4      | Bought a scroll of blinking for 97 gold pieces
  2505 | D:4      | Bought a scroll of teleportation for 39 gold pieces
  2505 | D:4      | Bought a scroll of identify for 26 gold pieces
  2858 | D:4      | Found Liopp's Armour Shop.
  2903 | D:4      | Found Ylyoreur's General Store.
  2967 | D:4      | Found Osugammum's Antique Weapon Shop.
  3090 | D:5      | Entered Level 5 of the Dungeon
  3090 | D:5      | Noticed a sky beast
  3097 | D:5      | Killed a sky beast
  3098 | D:5      | Your scales start taking on an icy white colour.
  3098 | D:5      | Reached XP level 7. HP: 60/60 MP: 1/10
  3098 | D:5      | Gained mutation: Your flesh is cold resistant. (rC+) [White
                  | Draconian growth]
  3206 | D:5      | Reached skill level 5 in Fighting
  3525 | D:5      | Reached skill level 5 in Dodging
  3773 | D:5      | Reached XP level 8. HP: 70/70 MP: 5/11
  3951 | D:5      | Reached skill level 6 in Fighting
  4390 | D:6      | Noticed a two-headed ogre
  4401 | D:6      | Killed a two-headed ogre
  4402 | D:6      | Reached skill level 7 in Fighting
  4402 | D:6      | Reached XP level 9. HP: 79/79 MP: 1/12
  4496 | D:6      | Found an iron altar of Okawaru.
  4525 | D:6      | Found a staircase to the Ecumenical Temple.
  4557 | Temple   | Entered the Ecumenical Temple
  4622 | Temple   | Became a worshipper of Vehumet
  4688 | D:6      | Reached skill level 8 in Fighting
  4779 | D:4      | Bought a +0 buckler of cold resistance for 115 gold pieces
  5048 | D:6      | Reached skill level 1 in Shields
  5319 | D:6      | Found Riheplig's Tremendous Tomes.
  5765 | D:7      | Noticed Maurice
  5781 | D:7      | Something stole a ring of see invisible
  5783 | D:7      | Something stole a +0 buckler of cold resistance
  5784 | D:7      | Something stole a curare-tipped dart
  5788 | D:7      | Something stole 102 gold
  5821 | D:7      | Killed Maurice
  6039 | D:7      | Reached * piety under Vehumet
  6039 | D:7      | Offered knowledge of Freeze by Vehumet.
  6063 | D:7      | Learned a level 1 spell: Freeze
  7003 | D:8      | Noticed a gargoyle
  7017 | D:8      | Killed a gargoyle
  7257 | D:8      | Reached XP level 10. HP: 60/90 MP: 0/13
  7539 | D:8      | Noticed Maggie
  7638 | D:8      | Reached skill level 9 in Fighting
  7638 | D:8      | Reached skill level 1 in Ice Magic
  7693 | D:8      | Reached skill level 1 in Evocations
  7894 | D:9      | Found a staircase to the Lair.
  8384 | D:9      | Reached skill level 1 in Staves
  8464 | D:9      | Offered knowledge of Foxfire by Vehumet.
  8474 | D:9      | Reached ** piety under Vehumet
  8659 | D:9      | Found a staircase to the Orcish Mines.
  8836 | D:9      | Paralysed by an orc for 3 turns
  8891 | D:9      | Identified the +1 short sword of Greed {flame, rPois rC+
                  | SInv}
  9222 | D:9      | Reached skill level 10 in Fighting
  9380 | D:9      | Reached skill level 5 in Ice Magic
  9812 | D:9      | Reached XP level 11. HP: 99/100 MP: 2/14
 10122 | D:10     | Entered Level 10 of the Dungeon
 10133 | D:10     | Found a flagged portal.
 10241 | Bailey   | Entered a bailey
 10274 | Bailey   | Offered knowledge of Stone Arrow by Vehumet.
 10395 | Bailey   | Reached *** piety under Vehumet
 10794 | Bailey   | Identified the +2 cloak "Neyk" {*Corrode rF+ Str+2 Int+5}
 10842 | Bailey   | Offered knowledge of Inner Flame by Vehumet.
 11168 | Bailey   | Identified the +2 war axe of the Vaults {freeze, rElec rF+
                  | rC- rN++}
 11407 | D:10     | Noticed a two-headed ogre
 11417 | D:10     | Killed a two-headed ogre
 11418 | D:10     | Reached skill level 5 in Evocations
 12335 | D:11     | Reached skill level 5 in Staves
 12382 | D:11     | Noticed a two-headed ogre
 12394 | D:11     | Killed a two-headed ogre
 12394 | D:11     | Reached **** piety under Vehumet
 12395 | D:11     | Reached skill level 11 in Fighting
 12497 | D:11     | Found a white marble altar of Elyvilon.
 13302 | D:12     | Identified the +4 ring mail "Yxeki" {rPois Stlth+}
 13307 | D:12     | Noticed Tollund's ghost (journeyman MiFi)
 13329 | D:12     | Offered knowledge of Sticky Flame by Vehumet.
 13411 | D:12     | Found a transporter.
 13414 | D:12     | Noticed a boulder beetle
 13438 | D:12     | Killed a boulder beetle
 13482 | D:12     | Noticed a boulder beetle
 13486 | D:12     | Noticed a cyan ugly thing
 13513 | D:11     | Killed a cyan ugly thing
 13766 | D:12     | Killed a boulder beetle
 13855 | D:12     | Noticed a two-headed ogre
 13863 | D:12     | Killed a two-headed ogre
 13864 | D:12     | Reached XP level 12. HP: 110/110 MP: 10/15
 14468 | D:12     | Found a transporter.
 15187 | D:12     | Learned a level 4 spell: Airstrike
 15242 | Lair:1   | Entered Level 1 of the Lair of Beasts
 15242 | Lair:1   | Noticed a death yak
 15242 | Lair:1   | Noticed a death yak
 15242 | Lair:1   | Noticed a death yak
 15242 | Lair:1   | Noticed a death yak
 15242 | Lair:1   | Noticed a death yak
 15243 | Lair:1   | Noticed a death yak
 15250 | Lair:1   | Killed a death yak
 15259 | Lair:1   | Killed a death yak
 15260 | Lair:1   | Reached skill level 12 in Fighting
 15261 | Lair:1   | Killed a death yak
 15269 | Lair:1   | Killed a death yak
 15573 | D:9      | Killed a death yak
 15876 | D:9      | HP: 3/112 [death yak (14)]
 16204 | D:9      | Killed a death yak
 17556 | Lair:2   | Noticed a five-headed hydra
 17934 | Lair:2   | Reached skill level 10 in Ice Magic
 18271 | Lair:2   | Noticed a four-headed hydra
 18283 | Lair:2   | Killed a four-headed hydra
 18409 | Lair:2   | Reached XP level 13. HP: 117/119 MP: 16/16
 18538 | Lair:2   | Reached ***** piety under Vehumet
 18539 | Lair:2   | Offered knowledge of Spellforged Servitor by Vehumet.
 18546 | Lair:2   | Reached skill level 1 in Air Magic
 18701 | Lair:2   | Noticed Gastronok
 18723 | Lair:2   | Killed Gastronok
 18724 | Lair:2   | Reached skill level 13 in Fighting
 18918 | Lair:2   | Found a staircase to the Swamp.
 19231 | Lair:2   | Found a hole to the Spider Nest.
 20314 | Lair:3   | Identified the +8 mace "Taisufo" {freeze, Fly rPois rCorr
                  | MP+9}
 21293 | Lair:4   | Reached skill level 10 in Evocations
 21432 | Lair:4   | Found a staircase to the Slime Pits.
 21433 | Lair:4   | Found a viscous altar of Jiyva.
 21471 | Lair:4   | Reached skill level 5 in Air Magic
 21495 | Lair:4   | Reached skill level 14 in Fighting
 21603 | Lair:4   | Found a glowing silver altar of Zin.
 22040 | Lair:4   | Offered knowledge of Bombard by Vehumet.
 22159 | Lair:4   | Reached XP level 14. HP: 132/132 MP: 18/18
 22851 | Lair:5   | Entered Level 5 of the Lair of Beasts
 22933 | Lair:5   | Reached skill level 10 in Staves
 23493 | Lair:5   | Learned a level 2 spell: Static Discharge
 23498 | Lair:5   | Learned a level 4 spell: Summon Lightning Spire
 24601 | Lair:5   | Found a corrupted altar of Lugonu.
 24601 | Lair:5   | Found a one-way gate to the infinite horrors of the Abyss.
 24873 | Lair:5   | Reached skill level 10 in Conjurations
 24874 | Lair:5   | Reached skill level 5 in Spellcasting
 25650 | Lair:1   | Reached skill level 15 in Fighting
 25650 | Lair:1   | Reached skill level 1 in Summonings
 25813 | Orc:1    | Entered Level 1 of the Orcish Mines
 25928 | Orc:2    | Entered Level 2 of the Orcish Mines
 25953 | Orc:2    | Offered knowledge of Eringya's Noxious Bog by Vehumet.
 26543 | Orc:2    | Found a staircase to the Elven Halls.
 26554 | Orc:2    | Found Hiov's General Store.
 26613 | Orc:2    | Noticed Snorg
 26614 | Orc:2    | Paralysed by an orc sorcerer for 3 turns
 26992 | Orc:1    | Killed Snorg
 27249 | Orc:2    | Paralysed by an orc sorcerer for 3 turns
 27264 | Orc:2    | Gained mutation: Your muscles are strong. (Str +4, Int/Dex
                  | -1) [a neqoxec]
 27274 | Orc:2    | Lost mutation: Your muscles are strong. (Str +4, Int/Dex
                  | -1) [a neqoxec]
 27474 | Orc:2    | Paralysed by an orc sorcerer for 3 turns
 27611 | Orc:1    | Noticed Fannar
 27772 | Orc:1    | Noticed Erolcha
 27777 | Orc:1    | Killed Erolcha
 27778 | Orc:1    | Reached XP level 15. HP: 97/137 MP: 8/24
 28314 | Orc:1    | Offered knowledge of Iskenderun's Battlesphere by Vehumet.
 28500 | Orc:2    | Found Dagikkos's Assorted Antiques.
 28500 | Orc:2    | Found Feba's Distillery.
 28501 | Orc:2    | Found Wonuwech's Antique Weapon Boutique.
 28507 | Orc:2    | Found Qeziron's Antique Weapon Boutique.
 28511 | Orc:2    | Bought a potion of cancellation for 104 gold pieces
 28511 | Orc:2    | Bought a potion of might for 52 gold pieces
 28511 | Orc:2    | Bought a potion of heal wounds for 65 gold pieces
 28537 | Orc:2    | Bought a scroll of fear for 92 gold pieces
 28537 | Orc:2    | Bought a scroll of teleportation for 69 gold pieces
 28577 | Orc:2    | Bought a potion of heal wounds for 65 gold pieces
 28577 | Orc:2    | Bought a potion of magic for 104 gold pieces
 28577 | Orc:2    | Bought a potion of haste for 130 gold pieces
 28577 | Orc:2    | Bought a potion of curing for 39 gold pieces
 28874 | Orc:2    | Killed Fannar
 29758 | D:13     | Found Jidisu's Antique Armour Emporium.
 31294 | D:14     | Got the Tome of the Magi
 31297 | D:14     | Found a gate to the Vaults.
 31985 | D:14     | Learned a level 5 spell: Iskenderun's Battlesphere
 32356 | D:13     | Reached skill level 5 in Summonings
 32742 | D:14     | Found a glowing golden altar of the Shining One.
 33334 | D:15     | Entered Level 15 of the Dungeon
 33516 | D:15     | Reached skill level 16 in Fighting
 33651 | D:15     | HP: 6/144 [white ugly thing (6)]
 33936 | D:15     | Offered knowledge of Ozocubu's Refrigeration by Vehumet.
 35293 | D:15     | Found a staircase to the Depths.
 35437 | D:13     | Bought the +3 warlock's mirror {omnireflect} for 1320 gold
                  | pieces
 35437 | D:13     | Found the +3 warlock's mirror {omnireflect}
 35456 | D:13     | Learned a level 7 spell: Ozocubu's Refrigeration
 35570 | Spider:1 | Entered Level 1 of the Spider Nest
 35570 | Spider:1 | Noticed Jorgrun
 35594 | Spider:1 | Killed Jorgrun
 35861 | Spider:1 | Found a transporter.
 35882 | Spider:2 | Slain by a culicivora

Illustrated notes

Levels and vault maps discovered:
D:1:      nicolae_arrival_kraken_aquarium_b, layout_rooms, minmay_misc_feat_five
D:2:      layout_basic, basic_altar, uniq_terence
D:3:      layout_basic, minmay_fractal_squares_5
D:4:      layout_cave_pools, serial_shops, nicolae_shop_real_fake_doors, shop,
          nicolae_shop_just_a_little_nook, shop
D:5:      layout_cave_pools, serial_undead, serial_undead_b, serial_undead_a,
          serial_undead_e, serial_undead_c
D:6:      layout_basic, okawaru_gym_becter, minmay_temple_entry_tees,
          nicolae_shop_i_like_big_books, st_stairs_3
D:7:      layout_loops_corners, kennysheep_boxes, uniq_maurice
D:8:      layout_gridville, uniq_maggie
D:9:      layout_long_grid, hellmonk_lair_entry_icy, david_orc_5
D:10:     layout_cave_pools, enter_bailey_5
D:11:     layout_cross, elyvilon_altar_5
D:12:     layout_small_grid, serial_bayou, serial_bayou_pond_e,
          serial_bayou_pond_c, serial_bayou_shore_b, serial_bayou_pond_b,
          gammafunk_ghost_stat_death
D:13:     layout_long_grid, serial_shops, nicolae_shop_back_alley_shop
D:14:     layout_small_grid, lightli_vaults_fourway_checkpoint,
          chequers_serial_rivers_marsh, nicolae_tso_swordbearing_angel
D:15:     gammafunk_enter_depths_forms, layout_long_grid, serial_bayou_shore_b
Temple:   mainiacjoe_temple_circle_huts
Lair:1:   layout_gridlike, serial_rivers, chequers_serial_rivers_room_b,
          chequers_serial_rivers_micro_b, chequers_serial_rivers_micro_a,
          chequers_serial_rivers_small_b, serial_bayou_shore_a,
          infiniplex_staircase_pool
Lair:2:   layout_gridlike, mainiacjoe_swamp_entry_angry_trees,
          hellmonk_spider_entry_not_the_bees, grunt_megastairs_2, uniq_gastronok
Lair:3:   layout_hall_layers, bobbens_dragon_lair_wall, lemuel_fruit_fields
Lair:4:   layout_roguey, minmay_slime_entry_jelly_boxes, basic_altar,
          grunt_megastairs_3
Lair:5:   hellmonk_lair_end_abyssal_woods, layout_cave_pods,
          nicolae_lair_run_with_the_wolves
Spider:1: gammafunk_sealed_arena, uniq_jorgrun, uniq_louise
Spider:2: layout_spider_delve, portal_ice_cave_entry_frozen_things
Orc:1:    layout_caves, uniq_erolcha, uniq_fannar
Orc:2:    st_orc_elflike, layout_caves, serial_shops,
          nicolae_shop_tiny_real_fake_doors, uniq_snorg

Skill      XL: |  1  2  3  4  5  6  7  8  9 10 11 12 13 14 15 |
---------------+----------------------------------------------+-----
Dodging        | 2 3 4 5 6 7 |  7.6
Fighting       | 1 2 3 4 5 7 8 10 11 12 14 15 16 | 16.1
Conjurations   | 5 6 8 9 10 | 10.1
Shields        | 3 4 |  4.1
Ice Magic      | 5 8 10 | 10.4
Evocations     | 4 6 8 10 | 10.0
Staves         | 3 6 8 9 10 | 10.0
Air Magic      | 5 7 9 |  9.7
Spellcasting   | 6 8 |  8.1
Summonings     | 3 6 |  6.5
Stealth        | |  1.7

Action                     |  1- 3 |  4- 6 |  7- 9 | 10-12 | 13-15 || total
---------------------------+-------+-------+-------+-------+-------++-------
  Melee: Unarmed           |    21 |       |       |       |       ||    21
         Tailslap          |     7 |    13 |    38 |   124 |   311 ||   493
         Whip              |   113 |   149 |   249 |   175 |       ||   686
         Punch             |       |     3 |     7 |       |       ||    10
         Staff             |       |       |       |   497 |  1573 ||  2070
  Throw: Dart              |       |       |     1 |       |       ||     1
   Cast: Magic Dart        |    15 |     1 |    16 |    31 |       ||    63
         Searing Ray       |       |    13 |    40 |   125 |    77 ||   255
         Airstrike         |       |       |       |       |    23 ||    23
         Summon Lightning  |       |       |       |       |    11 ||    11
         Ozocubu's Refrige |       |       |       |       |     3 ||     3
         Iskenderun's Batt |       |       |       |       |     3 ||     3
Ability: Breathe Frost     |       |       |     6 |    21 |     8 ||    35
  Evoke: Wand              |       |       |     4 |    18 |     6 ||    28
         Sack of spiders   |       |       |       |     1 |     4 ||     5
         Phial of floods   |       |       |       |       |     2 ||     2
    Use: Scroll            |       |       |     6 |     7 |    23 ||    36
         Potion            |       |       |     1 |     2 |       ||     3
   Stab: Sleeping          |     3 |     2 |     2 |     2 |     1 ||    10
         Paralysed         |       |       |     6 |    25 |    19 ||    50
         Distracted        |       |       |       |     1 |     2 ||     3
 Armour: Skin              |    75 |    82 |   205 |   579 |  1221 ||  2162
  Dodge: Dodged            |   118 |   129 |   251 |   761 |  1293 ||  2552
  Block: Buckler           |       |       |       |   191 |   422 ||   613

Table legend: (Time is in decaauts)
 A = Elapsed time spent in this place.
 B = Non-inter-level travel time spent in this place.
 C = Inter-level travel time spent in this place.
 D = Time resting spent in this place.
 E = Time spent auto-exploring this place.
 F = Levels seen in this place.
 G = Mean time per level.
                   A        B        C        D        E       F      G
               +--------+--------+--------+--------+--------+-----+--------+
         Total |  35650 |  34369 |   1281 |  14520 |  12845 |  26 | 1371.2 |
       Dungeon |  21565 |  20779 |    786 |   8343 |   8253 |  15 | 1437.7 |
        Temple |     83 |     48 |     35 |     47 |      0 |   1 |   83.0 |
          Lair |   9745 |   9367 |    378 |   3821 |   3817 |   5 | 1949.0 |
   Spider Nest |     74 |     74 |      0 |      0 |     10 |   2 |   37.0 |
  Orcish Mines |   3179 |   3098 |     81 |   1770 |    713 |   2 | 1589.5 |
        Bailey |   1002 |   1002 |      0 |    539 |     52 |   1 | 1002.0 |
               +--------+--------+--------+--------+--------+-----+--------+

Top non-repeatable levels by time:
     D:9: 3254 daAuts
    D:13: 2641 daAuts
  Lair:5: 2626 daAuts
    D:12: 2149 daAuts
  Lair:2: 2105 daAuts
    D:15: 2033 daAuts
  Lair:1: 1991 daAuts
   Orc:1: 1967 daAuts
  Lair:4: 1609 daAuts
    D:11: 1461 daAuts
  Lair:3: 1412 daAuts
     D:7: 1298 daAuts
   Orc:2: 1211 daAuts
     D:8: 1188 daAuts
     D:6: 1126 daAuts
